 Dungeon Crawl Stone Soup version 0.22-a0-458-gb446440 (webtiles) character file.

39 Gildeon the Vandal (level 3, -1/36 HPs)
             Began as an Ogre Hunter on June 8, 2018.
             Slain by an adder (4 damage)
             ... on level 3 of the Dungeon.
             The game lasted 00:13:41 (1974 turns).

Gildeon the Vandal (Ogre Hunter)                    Turns: 1974, Time: 00:13:42

Health: -1/36      AC:  3    Str: 16    XL:     3   Next: 47%
Magic:  3/3        EV: 13    Int: 12    God:
Gold:   171        SH:  0    Dex: 10    Spells: 2/2 levels left

rFire    . . .     SeeInvis .   b - +0 club
rCold    + . .     Gourm    .   (no shield)
rNeg     . . .     Faith    .   c - +0 robe
rPois    .         Spirit   .   (helmet restricted)
rElec    .         Reflect  .   (no cloak)
rCorr    .         Harm     .   (gloves unavailable)
MR       .....                  (boots unavailable)
Stlth    +.........             (no amulet)
HPRegen  0.12/turn              h - ring of protection from cold
MPRegen  0.08/turn              k - +3 ring of evasion

@: lethally poisoned (-1 -> -8), hasted, very quick
A: large, unfitting armour, tough skin 1
a: no special abilities


You were on level 3 of the Dungeon.
You were not hungry.

You visited 1 branch of the dungeon, and saw 3 of its levels.

You collected 171 gold pieces.

Inventory:

Hand Weapons
 a - a +2 hunting sling
 b - a +0 club (weapon)
Missiles
 d - 9 sling bullets
 g - 25 stones (quivered)
Armour
 c - a +0 robe (worn)
Jewellery
 h - a ring of protection from cold (left hand)
 k - a +3 ring of evasion (right hand)
Potions
 e - a potion of flight
 j - a potion of degeneration {unknown}
 l - a potion of curing {unknown}
Comestibles
 f - 5 rations


   Skills:
 - Level 2.6 Fighting
 + Level 3.9 Slings
 - Level 1.7 Dodging
 - Level 0.6 Stealth


You had 2 spell levels left.
You didn't know any spells.
Your spell library was empty.

Dungeon Overview and Level Annotations

Branches:
Dungeon (3/15)

Altars:


Innate Abilities, Weirdness & Mutations

You are too large for most types of armour.
You have tough skin. (AC +1)


Message History

The adder is moderately wounded.
* * * LOW HITPOINT WARNING * * *
You feel sick. The adder bites you.
* * * LOW HITPOINT WARNING * * *
You hit the adder.
The adder is severely wounded.
The adder closely misses you.
You hit the adder but do no damage.
The adder is severely wounded.
* * * LOW HITPOINT WARNING * * *
You feel sick. The adder closely misses you.
You barely miss the adder.
The adder is severely wounded.
* * * LOW HITPOINT WARNING * * *
You feel sick. The adder bites you.
* * * LOW HITPOINT WARNING * * *
You closely miss the adder.
The adder is severely wounded.
The adder bites you.
You die...

......#
#####......#
..?.......#
#.........
#......(#
#......(#
#..K(...#
#######S##+#
........@..#
######.....#
#.#...######
#.#.........
###.#...#####
#.......######
#.............
#........#####
#........#


You could see an adder and a kobold.

Vanquished Creatures
  An adder (D:2)
  A worm (D:2)
  A leopard gecko (D:2)
  A ball python (D:2)
  2 giant cockroaches (D:1)
  2 goblins
  7 hobgoblins
  3 kobolds
  3 bats (D:2)
  A frilled lizard (D:2)
  3 rats
25 creatures vanquished.

Notes
Turn   | Place    | Note
-------+----------+-------------------------------------------
     0 | D:1      | Gildeon the Ogre Hunter began the quest for the Orb.
     0 | D:1      | Reached XP level 1. HP: 22/22 MP: 1/1
    17 | D:1      | Reached skill level 3 in Slings
   373 | D:1      | Reached XP level 2. HP: 29/29 MP: 2/2
  1008 | D:2      | Reached XP level 3. HP: 36/36 MP: 3/3
  1974 | D:3      | Slain by an adder

Vault maps used:
D:1:      lightli_arrival_flooded_house, bh_walls_and_bars
D:2:      first_ration, st_stairs_8
D:3:      nicolae_overflow_quartered_altars, nicolae_overflow_crystal_walls,
          minmay_misc_feat_x, lemuel_tele_altar

Skill      XL: |  1 |
---------------+----+-----
Slings         | 3 |  3.9
Fighting       | |  2.6
Dodging        | |  1.7
Stealth        | |  0.6

Action                   || total
-------------------------++-------
Melee: Short sword       ||     2
       Club              ||    47
 Fire: Hunting sling     ||    45
  Use: Scroll            ||     6
       Potion            ||     1
  Eat: Chunk             ||     3
Armor: Robe              ||    11
Dodge: Dodged            ||    42

Table legend:
 A = Spawn XP
 B = Non-spawn XP
 C = Spawn XP percentage of total XP
 D = Spawn monster count
 E = Non-spawn monster count
 F = Spawn count percentage of total count
 G = Total turns spent on level
                    A         B        C        D         E        F      G
               +---------+---------+-------+---------+---------+-------+---------
         Total |       0 |      57 |   0.0 |       0 |      25 |   0.0 |  1974
               +---------+---------+-------+---------+---------+-------+---------
           D:1 |       0 |      18 |   0.0 |       0 |      10 |   0.0 |   898
           D:2 |       0 |      39 |   0.0 |       0 |      15 |   0.0 |  1039
               +---------+---------+-------+---------+---------+-------+---------
